 Dungeon Crawl Stone Soup version 0.28.0-49-g6dfe1f597d (webtiles) character file.

Game seed: 4937849534708812866

3241 klau3 the Cleaver (level 9, -2/81 HPs)
             Began as a Minotaur Berserker on May 15, 2022.
             Was a Believer of Trog.
             Slain by a water moccasin (3 damage)
             ... on level 8 of the Dungeon.
             The game lasted 00:22:48 (7083 turns).

klau3 the Cleaver (Minotaur Berserker)              Turns: 7083, Time: 00:22:51

Health: -2/81      AC: 13    Str: 26    XL:     9   Next: 67%
Magic:  8/8        EV: 11    Int:  4    God:    Trog [**....]
Gold:   305        SH:  0    Dex: 10    Spells: 8/8 levels left

rFire   . . .      SeeInvis .   w - +0 war axe
rCold   . . .      Faith    .   (no shield)
rNeg    . . .      Spirit   .   z - +0 scale mail
rPois   +          Reflect  .   (helmet restricted)
rElec   .          Harm     .   m - +2 cloak
rCorr   .          Rampage  .   f - +1 pair of gloves
Will    .....                   (no boots)
Stlth   ..........              (no amulet)
HPRegen 0.23/turn               p - ring of flight
MPRegen 0.11/turn               H - ring of poison resistance

@: on berserk cooldown, flying, slowed, very slow
A: horns 2, retaliatory headbutt
a: Renounce Religion, Berserk, Trog's Hand


You were on level 8 of the Dungeon.
You worshipped Trog.
Trog was pleased with you.
You visited 1 branch of the dungeon, and saw 8 of its levels.
You also visited: Ossuary.

You collected 305 gold pieces.

Inventory:

Hand Weapons
 a - a +0 hand axe
 w - a +0 war axe (weapon)
 I - a +6 mace of distortion
Missiles
 t - 8 large rocks
 v - 12 poisoned darts
Armour
 b - a +0 animal skin
 f - a +1 pair of gloves (worn)
 k - an orb of guile
 m - a +2 cloak (worn)
 q - a +0 ring mail
 z - a +0 scale mail (worn)
Jewellery
 p - a ring of flight (left hand)
 y - a ring of positive energy
 H - a ring of poison resistance (right hand)
Wands
 o - a wand of iceblast (9)
 G - a wand of flame (12)
Scrolls
 c - 2 scrolls of fog {unknown}
 e - a scroll of amnesia {unknown}
 h - a scroll of silence {unknown}
 i - 4 scrolls of teleportation
 j - 2 scrolls of magic mapping
 n - 3 scrolls of identify
 r - a scroll of blinking {unknown}
 s - 2 scrolls of holy word {unknown}
 u - 3 scrolls of noise
 C - 3 scrolls of immolation
 E - a scroll of fear
Potions
 d - 2 potions of invisibility {unknown}
 g - 3 potions of curing
 l - a potion of lignification {unknown}
 A - 8 potions of magic
 B - a potion of mutation {unknown}
 D - a potion of resistance {unknown}
 F - a potion of heal wounds {unknown}


   Skills:
 + Level 8.3 Fighting
 + Level 11.4 Axes
 + Level 8.2 Armour
 + Level 5.1 Dodging
 + Level 1.3 Stealth
 + Level 0.3 Evocations


You had 8 spell levels left.
You didn't know any spells.
Your spell library was empty.

Dungeon Overview and Level Annotations

Branches:
Dungeon (8/15)            Ossuary (visited)
 Temple: D:4-7         Lair: D:8-11

Altars:
Cheibriados

Shops:
D:7 [

Annotations:
D:3 3 runed translucent doors, Spectrina's ghost, weakling DEMo
D:7 Menkaure


Innate Abilities, Weirdness & Mutations

You have a pair of horns on your head.
You reflexively headbutt those who attack you in melee.


Message History

The steam dragon bites you but does no damage.
The steam dragon claws you but does no damage.
The water moccasin bites you but does no damage.
You are too berserk!
You are too berserk!
You slash the steam dragon!
You kill the steam dragon!
Trog accepts your kill.
The steam dragon scales are intact enough to wear.
You miss the killer bee. You barely miss the water moccasin.
You are engulfed in a cloud of scalding steam.
The killer bee stings you but does no damage.
The killer bee closely misses you. The killer bee stings you.
* * * LOW HITPOINT WARNING * * *
Things that are here:
+0 steam dragon scales; a steam dragon corpse You slash the killer bee!
You kill the killer bee!
Trog accepts your kill.
You hit the water moccasin. The water moccasin barely misses you.
The water moccasin bites you but does no damage.
You feel a strong urge to attack something.
You are no longer berserk.
You are exhausted.
You feel yourself slow down. The water moccasin bites you.
* * * LOW HITPOINT WARNING * * *
The water moccasin bites you but does no damage.
There is a stone staircase leading down here.
The water moccasin barely misses you. The water moccasin closely misses you.
You furiously retaliate!
You headbutt the water moccasin.
The water moccasin bites you but does no damage.
You fly downwards.
Found 19 arrows.
There is a stone staircase leading up here.
You feel better.
The water moccasin bites you but does no damage.
The water moccasin bites you!
* * * LOW HITPOINT WARNING * * *
The water moccasin barely misses you. The water moccasin bites you.
You die...

#..........##
#...........
.#..........
...........#+#
.............#
.............#
.............#
#....S@.....#
######........
...(.....
..........
....z..z...
.....#......
......#......
.......#......


You could see 2 skeletal warriors and a water moccasin.

Vanquished Creatures
  Pikel (D:5)
  A gargoyle (D:6)
  The ghost of aChris07 the Bolt Thrower, a novice MiHu of Makhleb (D:5)
  A shadow (D:7)
  A steam dragon (D:7)
  A water moccasin (D:5)
  2 orc warriors
  A sky beast (D:4)
  A centaur (D:6)
  4 ogres
  A kobold brigand (D:6)
  Blork the orc (D:5)
  2 bullfrogs
  A scorpion (D:4)
  4 killer bees (D:7)
  A howler monkey (D:5)
  A bullfrog zombie (D:5)
  A human zombie (Ossuary)
  2 centaur zombies (Ossuary)
  2 orc priests (D:6)
  A hound (D:5)
  2 iguanas (D:5)
  6 mummies (Ossuary)
  4 gnolls (D:3)
  4 adders
  A shadow imp (D:3)
  A white imp (D:6)
  A worm (D:3)
  6 dart slugs
  14 orcs
  7 endoplasms
  2 giant cockroaches
  A gnoll zombie (Ossuary)
  11 goblins
  6 hobgoblins
  2 jackals (D:1)
  3 quokkas
  10 ball pythons
  2 bats
  3 frilled lizards
  A goblin zombie (Ossuary)
  2 hobgoblin zombies (Ossuary)
  6 kobolds
  An orc zombie (Ossuary)
  4 rats
131 creatures vanquished.

Vanquished Creatures (others)
  2 killer bees (D:7)
2 creatures vanquished.

Grand Total: 133 creatures vanquished

Notes
Turn   | Place    | Note
-------+----------+-------------------------------------------
     0 | D:1      | klau3 the Minotaur Berserker began the quest for the Orb.
     0 | D:1      | Reached XP level 1. HP: 19/19 MP: 0/0
     2 | D:1      | Noticed a naga
     2 | D:1      | Noticed a human
     4 | D:1      | Noticed a spriggan
     4 | D:1      | Noticed a vine stalker
     6 | D:1      | Noticed an ogre
     8 | D:1      | Noticed a demigod
     8 | D:1      | Noticed a draconian
    10 | D:1      | Noticed a troll
    20 | D:1      | Noticed an octopode
    20 | D:1      | Noticed a dwarf
    22 | D:1      | Noticed a vampire
    24 | D:1      | Noticed a formicid
    24 | D:1      | Noticed a minotaur
    27 | D:1      | Noticed an elf
    27 | D:1      | Noticed a felid
    30 | D:1      | Noticed a merfolk
    32 | D:1      | Noticed a demonspawn
    32 | D:1      | Noticed a ghoul
    34 | D:1      | Noticed a gargoyle
    36 | D:1      | Noticed a tengu
   263 | D:1      | Reached skill level 4 in Axes
   263 | D:1      | Reached XP level 2. HP: 27/27 MP: 1/1
   691 | D:1      | Reached XP level 3. HP: 28/33 MP: 2/2
   797 | D:1      | Reached ** piety under Trog
  1635 | D:3      | Reached XP level 4. HP: 41/41 MP: 3/3
  1636 | D:3      | Reached skill level 5 in Axes
  1971 | D:3      | Noticed Spectrina's ghost (weakling DEMo)
  1976 | D:3      | Noticed an ice beast
  1980 | D:3      | Found a runed translucent gate.
  1980 | D:3      | Found a runed translucent gate.
  1980 | D:3      | Found a runed translucent gate.
  2191 | D:3      | Noticed an ogre
  2200 | D:3      | Killed an ogre
  2201 | D:3      | Reached XP level 5. HP: 34/47 MP: 4/4
  2532 | D:3      | Reached skill level 6 in Axes
  2897 | D:4      | Found a snail-covered altar of Cheibriados.
  2897 | D:4      | Noticed a sky beast
  2913 | D:4      | Killed a sky beast
  2914 | D:4      | Reached XP level 6. HP: 45/55 MP: 5/5
  3511 | D:4      | Reached skill level 5 in Fighting
  3573 | D:4      | Reached skill level 7 in Axes
  3573 | D:4      | Reached XP level 7. HP: 50/61 MP: 6/6
  4047 | D:5      | Entered Level 5 of the Dungeon
  4097 | D:5      | Noticed Pikel
  4108 | D:5      | Killed Pikel
  4109 | D:5      | Reached skill level 8 in Axes
  4109 | D:5      | Reached skill level 5 in Armour
  4109 | D:5      | Reached skill level 1 in Stealth
  4109 | D:5      | Reached XP level 8. HP: 70/70 MP: 7/7
  4109 | D:5      | Found a sand-covered staircase.
  4162 | Ossuary  | Entered an ossuary
  4508 | Ossuary  | Reached skill level 9 in Axes
  4605 | D:5      | Found a runed translucent door.
  4613 | D:5      | Noticed aChris07's ghost (novice MiHu)
  4979 | D:5      | Noticed Blork the orc
  4986 | D:5      | Killed Blork the orc
  5060 | D:5      | Identified the +5 short sword of the Scorpion {venom, Will+
                  | rCorr Str+8 Int-2}
  5260 | D:5      | Killed aChris07's ghost
  5261 | D:5      | Reached skill level 10 in Axes
  5409 | D:5      | Reached XP level 9. HP: 16/79 MP: 8/8
  6475 | D:6      | Reached skill level 5 in Dodging
  6755 | D:6      | Noticed a gargoyle
  6769 | D:6      | Killed a gargoyle
  7029 | D:7      | Found Tulaigei's Antique Armour Shop.
  7042 | D:7      | Reached skill level 11 in Axes
  7049 | D:7      | Noticed Menkaure
  7075 | D:7      | HP: 2/121 [killer bee (6)]
  7081 | D:8      | Noticed a skeletal warrior
  7081 | D:8      | Noticed a skeletal warrior
  7082 | D:8      | HP: 1/81 [water moccasin (7)]
  7083 | D:8      | Slain by a water moccasin

Illustrated notes

Levels and vault maps discovered:
D:1:      kb_arrival_jail, layout_loops_ring, corexii_corridor_pit,
          minmay_ruptured
D:2:      layout_rooms
D:3:      layout_loops_cross, gammafunk_ghost_split, minmay_ogre_servants
D:4:      layout_basic, nicolae_overflow_crystal_walls
D:5:      layout_basic, nicolae_ossuary_entry_plus, ebering_ghost_sewer_d,
          uniq_pikel, uniq_blork_the_orc
D:6:      layout_cave_pools
D:7:      layout_cave_pools, lemuel_temple_firewalk_b, serial_shops,
          nicolae_shop_crystal, kennysheep_mini, uniq_menkaure
D:8:      layout_basic, serial_ice, serial_ice_c, serial_ice_n, serial_ice_l,
          serial_ice_g, serial_ice_d, ebering_dispersal_statue_hall, uniq_erica

Skill      XL: |  1  2  3  4  5  6  7  8  9 |
---------------+----------------------------+-----
Axes           | 4 5 6 7 8 10 11 | 11.4
Fighting       | 4 5 7 8 |  8.3
Dodging        | 3 4 5 |  5.1
Armour         | 3 5 6 8 |  8.2
Stealth        | 1 |  1.3
Evocations     | |  0.3

Action                   |  1- 3 |  4- 6 |  7- 9 || total
-------------------------+-------+-------+-------++-------
Melee: Hand axe          |    70 |    60 |       ||   130
       Headbutt          |    10 |     9 |    32 ||    51
       Punch             |     2 |     1 |     8 ||    11
       War axe           |       |    12 |   151 ||   163
Throw: Throwing net      |     1 |       |       ||     1
Invok: Berserk           |     1 |     2 |    10 ||    13
Evoke: Wand              |       |       |     2 ||     2
  Use: Scroll            |       |       |     6 ||     6
       Potion            |       |       |     3 ||     3
Armor: Animal skin       |    15 |     1 |       ||    16
       Ring mail         |       |    24 |       ||    24
       Scale mail        |       |       |    76 ||    76
Dodge: Dodged            |    61 |    47 |    97 ||   205
